 Dungeon Crawl Stone Soup version 0.21.1-1-g345015f (webtiles) character file.

264 sankara the Covert (level 6, -3/37 HPs)
             Began as a Kobold Berserker on Apr 20, 2018.
             Was a Priest of Trog.
             Killed by divine providence
             ... invoked by an orc priest
              (15 damage)
             ... on level 3 of the Dungeon.
             The game lasted 00:11:27 (4231 turns).

sankara the Covert (Kobold Berserker)               Turns: 4231, Time: 00:11:28

Health: -3/37      AC:  5    Str: 17    XL:     6   Next: 43%
Magic:  6/6        EV: 15    Int:  8    God:    Trog [***...]
Gold:   191        SH:  0    Dex: 14    Spells: 5/5 levels left

rFire    . . .     SeeInvis .   a - +0 short sword
rCold    . . .     Gourm    .   (shield restricted)
rNeg     + . .     Faith    .   b - +0 animal skin
rPois    .         Spirit   .   (no helmet)
rElec    .         Reflect  .   (no cloak)
rCorr    +         Harm     .   (no gloves)
MR       .....                  r - +2 pair of boots
Stlth    ++++......             (no amulet)
HPRegen  0.12/turn              d - ring of resist corrosion
MPRegen  0.10/turn              m - ring of positive energy {rN+}

@: no status effects
A: small, carnivore
a: Berserk, Trog's Hand, Burn Spellbooks, Renounce Religion


You were on level 3 of the Dungeon.
You worshipped Trog.
Trog was most pleased with you.
You were very full.

You visited 1 branch of the dungeon, and saw 3 of its levels.
You also visited: Sewer.

You collected 191 gold pieces.

Inventory:

Hand Weapons
 a - a +0 short sword (weapon)
Missiles
 f - 138 stones (quivered)
 n - 15 bolts
 u - a throwing net {=f, !d}
Armour
 b - a +0 animal skin (worn)
 r - a +2 pair of boots (worn)
   (You found it on level 3 of the Dungeon)
Jewellery
 d - a ring of resist corrosion (left hand)
   (You found it on level 1 of the Dungeon)
 m - a ring of positive energy (right hand) {rN+}
   (You found it on level 2 of the Dungeon)
Wands
 s - a wand of enslavement (18)
   (You found it on level 3 of the Dungeon)
Scrolls
 h - 3 scrolls of enchant armour {unknown}
 i - 3 scrolls of magic mapping {unknown}
 k - 2 scrolls of remove curse {unknown}
Potions
 e - a potion of mutation {unknown}
 g - 3 potions of haste {unknown}
 j - a potion of resistance {unknown}
 l - 2 potions of brilliance {unknown}
 o - 3 potions of flight {unknown}
 p - a potion of heal wounds {unknown}
 q - a potion of curing {unknown}
Comestibles
 c - 5 rations
 t - a chunk of flesh {@w0}


   Skills:
 - Level 3.2 Fighting
 - Level 4.0 Short Blades
 - Level 1.5 Armour
 - Level 2.4 Dodging
 + Level 8.5 Stealth


You had 5 spell levels left.
You didn't know any spells.

Dungeon Overview and Level Annotations

Branches:
Dungeon (3/15)

Altars:
Kikubaaqudgha
Qazlal
Vehumet
The Shining One


Innate Abilities, Weirdness & Mutations

You are small and have problems with some larger weapons.
You are carnivorous and can eat meat at any time.


Message History

Tiareth's ghost mumbles some strange words.
Tiareth's ghost blinks!
Tiareth's ghost mumbles some strange words.
Tiareth's ghost blinks!
Tiareth's ghost shrieks, "You must not fail where I succeeded!"
Tiareth's ghost casts a spell.
Tiareth's ghost blinks!
You feel sick.
Tiareth's ghost casts a spell.
Tiareth's ghost blinks!
Tiareth's ghost mumbles some strange words.
Tiareth's ghost blinks!
You feel sick. Tiareth's ghost barely misses you.
You closely miss Tiareth's ghost.
Tiareth's ghost is almost destroyed.
Tiareth's ghost gestures wildly while chanting.
Tiareth's ghost blinks!
Tiareth's ghost misses you.
You barely miss Tiareth's ghost.
Tiareth's ghost is almost destroyed.
Tiareth's ghost closely misses you.
You hit Tiareth's ghost but do no damage.
Tiareth's ghost is almost destroyed.
You feel sick. Tiareth's ghost hits you.
You hit Tiareth's ghost.
Tiareth's ghost is almost destroyed.
Tiareth's ghost mumbles some strange words.
Tiareth's ghost blinks!
Tiareth's ghost hits you.
You are too injured to fight recklessly!
You are too injured to fight recklessly!
You are too injured to fight recklessly!
You are too injured to fight recklessly!
You are too injured to fight recklessly!
You hit Tiareth's ghost but do no damage.
Tiareth's ghost is almost destroyed.
You feel sick. Tiareth's ghost hits you.
You are more poisoned.
You closely miss Tiareth's ghost.
Tiareth's ghost is almost destroyed.
Tiareth's ghost misses you.
You miss Tiareth's ghost.
Tiareth's ghost is almost destroyed.
Tiareth's ghost closely misses you.
You hit Tiareth's ghost.
You destroy Tiareth's ghost!
Trog accepts your kill.
Trog appreciates your killing of a magic user.
Your Stealth skill increases to level 8!
You feel sick.
Unknown command.
You start resting.
Eating one of 3 chunks of flesh {@w0}.
You eat one of the 3 chunks of flesh {@w0}.
This raw flesh tastes great.
You feel sick. x6
You are no longer poisoned.
You start resting.
All of the chunks of flesh in your inventory have rotted away.
A leopard gecko comes into view.
The leopard gecko hisses angrily.
You hit the leopard gecko but do no damage.
The leopard gecko barely misses you.
You barely miss the leopard gecko. The leopard gecko closely misses you.
You hit the leopard gecko.
You kill the leopard gecko!
Trog accepts your kill.
You see here a leopard gecko corpse.
You butcher the leopard gecko corpse.
t - a chunk of flesh {@w0} You see here a leopard gecko skeleton.
An orc comes into view. It is wielding a dagger.
The orc shouts!
You hear a shout! x2
The orc moves out of view.
No target in view!
A kobold and an orc priest come into view.
The orc priest shouts!
The orc hits you but does no damage.
An orc priest comes into view. It is wielding a falchion.
The kobold shouts!
You hit the orc but do no damage.
You hear a shout!
The orc closely misses you.
A goblin and an orc come into view.
The orc priest invokes the aid of Beogh against you.
Beogh smites you!
The orc priest looks satisfied for a moment.
The orc priest miscasts a cantrip.
The orc barely misses you.
Really walk into a travel-excluded area?
Okay, then.
Things that are here:
a dagger; a kobold skeleton x2
The orc priest looks satisfied for a moment.
The orc priest looks satisfied for a moment.
The orc priest invokes the aid of Beogh against you.
Beogh smites you!
The orc priest looks satisfied for a moment.
The orc priest invokes the aid of Beogh against you.
Beogh smites you!
You die...

##≈≈≈...≈≈##..............
#..≈≈≈≈≈≈###.#.#########.#
#..#########.......)......
#.≈≈≈≈≈≈≈≈≈#.#.##### #.#
##≈≈.≈≈....≈.#.# #######'#
########≈≈..#.# #..).....
###<#...#.# #........
#.........###........
#...@...............[
#....K......(......K.
#.###...o.....§.§........
#...'........[.§...o.....
########.........§.§§.##.#..
#..............o..§...#..#..
#................o..'...###.
#..........#.#####.....## ##
#............)........#'...#


You could see 2 orc priests, an orc and a kobold.

Vanquished Creatures
  A big kobold (Sewer)
  The ghost of Tiareth the Magician, an amateur DEWz (D:3)
  A river rat (Sewer)
  3 adders
  A shadow imp (D:2)
  A worm (D:2)
  A dart slug (D:1)
  8 leopard geckos
  3 orcs
  8 bats
  2 bat zombies (D:2)
  9 giant cockroaches
  7 goblins
  5 hobgoblins
  2 jackals (Sewer)
  A ball python (D:3)
  9 kobolds
  16 rats
  A rat zombie (D:2)
80 creatures vanquished.

Vanquished Creatures (others)
  An orc wizard (D:3)
  An adder (D:3)
  2 orcs (D:3)
  A rat (D:3)
5 creatures vanquished.

Grand Total: 85 creatures vanquished

Notes
Turn   | Place    | Note
-------+----------+-------------------------------------------
     0 | D:1      | sankara the Kobold Berserker began the quest for the Orb.
     0 | D:1      | Reached XP level 1. HP: 14/14 MP: 1/1
    15 | D:1      | Reached skill level 1 in Stealth
   135 | D:1      | Reached skill level 2 in Stealth
   135 | D:1      | Reached XP level 2. HP: 16/19 MP: 2/2
   512 | D:1      | Reached skill level 3 in Stealth
   637 | D:1      | Reached XP level 3. HP: 14/23 MP: 3/3
   807 | D:1      | Reached ** piety under Trog
  1206 | D:2      | Reached skill level 4 in Stealth
  1510 | D:2      | Reached XP level 4. HP: 20/28 MP: 4/4
  1996 | D:2      | Reached skill level 5 in Stealth
  2316 | D:2      | Found an ancient bone altar of Kikubaaqudgha.
  2376 | D:2      | Found a stormy altar of Qazlal.
  2543 | D:3      | Found a radiant altar of Vehumet.
  2576 | D:3      | HP: 6/28 [leopard gecko (3)]
  2577 | D:3      | HP: 1/28 [leopard gecko (4)]
  2768 | D:3      | Found a glowing drain.
  2787 | D:3      | Reached skill level 6 in Stealth
  2796 | D:3      | Reached XP level 5. HP: 32/32 MP: 5/5
  2899 | Sewer    | Entered a sewer
  2971 | Sewer    | Noticed a big kobold
  3192 | Sewer    | Killed a big kobold
  3192 | Sewer    | Reached *** piety under Trog
  3192 | Sewer    | Reached skill level 7 in Stealth
  3552 | Sewer    | Found a white marble altar of Elyvilon.
  3661 | D:3      | Reached XP level 6. HP: 37/37 MP: 6/6
  3662 | D:3      | Noticed Tiareth's ghost (amateur DEWz)
  3879 | D:3      | Found a glowing golden altar of the Shining One.
  4051 | D:3      | Killed Tiareth's ghost
  4051 | D:3      | Reached skill level 8 in Stealth
  4231 | D:3      | Killed from afar by an orc priest

Skill      XL: |  1  2  3  4  5  6 |
---------------+-------------------+-----
Stealth        | 2 3 4 6 7 8 |  8.5
Fighting       | |  3.2
Short Blades   | |  4.0
Armour         | |  1.5
Dodging        | |  2.4

Action                   |  1- 3 |  4- 6 || total
-------------------------+-------+-------++-------
Melee: Short sword       |   126 |   257 ||   383
Throw: Stone             |    16 |    29 ||    45
Invok: Berserk           |     2 |     3 ||     5
       Trog's Hand       |       |     1 ||     1
 Stab: Sleeping          |     3 |     4 ||     7
  Eat: Chunk             |    11 |    13 ||    24
Armor: Animal skin       |    23 |    43 ||    66
Dodge: Dodged            |    81 |   198 ||   279

Vault maps used:
D:1:      lemuel_arrival_behind_the_door_large, patterned_corridor
D:2:      nicolae_qazlal_eye_of_the_storm, lemuel_zombie_altar_kikubaaqudgha
D:3:      tso_metal_star, fiery_altar_vehumet, grunt_temple_overflow_diamond,
          gup_sewer_entry_pipe, minmay_stone_trees_medium
Sewer:    sewer_kobolds

Table legend:
 A = Turns spent in this place as a percentage of turns spent in the entire game.
 B = Non-inter-level travel turns spent in this place as a percentage of non-inter-level travel turns spent in the entire game.
 C = Inter-level travel turns spent in this place as a percentage of turns spent in this place.
 D = Turns resting spent in this place as a percentage of non-inter-level travel turns spent in this place.
 E = Turns spent auto-exploring this place as a percentage of non-inter-level travel turns spent in this place.
 F = Non-inter-level travel turns spent in this place divided by the number of levels of this place that you've seen.
                   A       B       C       D       E      F
               +-------+-------+-------+-------+-------+----------------------
         Total | 100.0 | 100.0 |   2.9 |  38.9 |  34.8 | 1026.8
       Dungeon |  83.5 |  83.0 |   3.5 |  36.6 |  37.4 | 1136.7
         Sewer |  16.5 |  17.0 |   0.0 |  50.2 |  22.0 | 697.0
               +-------+-------+-------+-------+-------+----------------------

Table legend:
 A = Kills in this place as a percentage of kills in entire the game.
 B = Kills by you in this place as a percentage of kills by you in the entire game.
 C = Kills by friends in this place as a percentage of kills by friends in the entire game.
 D = Other kills in this place as a percentage of other kills in the entire game.
 E = Experience gained in this place as a percentage of experience gained in the entire game.
 F = Experience gained in this place divided by the number of levels of this place that you have seen.
                   A       B       C       D       E      F
               +-------+-------+-------+-------+-------+----------------------
         Total | 100.0 | 100.0 |   N/A |   N/A | 100.0 |  94.5
       Dungeon |  86.2 |  86.2 |   N/A |   N/A |  66.4 |  83.7
         Sewer |  13.8 |  13.8 |   N/A |   N/A |  33.6 | 127.0
               +-------+-------+-------+-------+-------+----------------------
